AoeStats
← Jan Itor

Nomad

509125200Analyzed
4v4 RM · 7d ago on Sep 25, 2026· 28m 24s· 8 players
Game mode
Random Map
Map size
231×231
Population
200
Speed
Normal
Resources
Standard
Victory
Conquest
Starting age
Dark Age
Ending age
Imperial Age
RankedLock teamsTeams togetherTeam positionsShared explorationLock speedFull tech treeHidden civsTurbo modeCheats
Victory
Defeat
🇨🇳 Danes · China
1807
+7
🇩🇪 Varangians · Germany
1806
+7
🇻🇳 Mongols · Vietnam
1722
+10
1719
+10
🇧🇾 Dravidians · Belarus
1624
-10
🇷🇺 Varangians · Russia
1601
-9
🇧🇾 Hindustanis · Belarus
1561
-8
🇧🇾 Koreans · Belarus
1537
-7
81danchoi
13:27 Feudal Age
17:36 Castle Age
15:51 Gold Mining
16:29 Double-Bit Axe
18:34 Bow Saw
18:49 Medium Warships
19:00 Fishing Lines
19:36 Forging
21:00 Fletching
21:52 Gold Shaft Mining
25:16 Bodkin Arrow
25:46 Horse Collar
26:31 Padded Archer Armor
27:10 Loom
28:02 Wheelbarrow
28:30 Heavy Plow
trói em vào cột điện
13:01 Feudal Age
13:29 Loom
16:47 Castle Age
15:40 Double-Bit Axe
18:18 Bow Saw
17:52 Horse Collar
18:45 Padded Archer Armor
21:53 Medium Warships
24:53 Leather Archer Armor
28:43 Wheelbarrow
回忆里太多好
4:14 Loom
12:54 Feudal Age
17:33 Castle Age
17:35 Double-Bit Axe
21:22 Bow Saw
21:33 Horse Collar
Jan Itor
12:33 Feudal Age
11:21 Loom
16:07 Castle Age
14:35 Fishing Lines
15:54 Double-Bit Axe
16:31 Town Watch
17:30 Fletching
26:31 Bow Saw
26:43 Bodkin Arrow
28:32 Scale Mail Armor
28:40 Scale Barding Armor
SiraZaika
12:08 Feudal Age
11:54 Loom
12:41 Town Watch
12:44 Double-Bit Axe
18:00 Scale Mail Armor
18:18 Forging
18:54 Wheelbarrow
20:12 Fletching
23:22 Castle Age
24:15 Medium Warships
27:01 Bodkin Arrow
DzeDanik
10:28 Loom
12:39 Feudal Age
13:28 Fishing Lines
16:16 Castle Age
14:28 Town Watch
14:35 Double-Bit Axe
15:04 Gold Mining
16:06 Town Watch
20:03 Wheelbarrow
25:52 Sanctity
26:12 Bow Saw
26:50 Horse Collar
28:17 Hand Cart
Zyzz
12:07 Feudal Age
10:23 Loom
15:44 Castle Age
16:27 Fletching
17:09 Double-Bit Axe
19:39 Bodkin Arrow
21:40 Bow Saw
24:42 Town Watch
25:34 Wheelbarrow
27:42 Horse Collar
PromoART
4:23 Loom
13:15 Feudal Age
16:41 Castle Age
15:16 Double-Bit Axe
15:12 Horse Collar
18:01 Bow Saw
18:25 Scale Mail Armor
24:03 Wheelbarrow
26:06 Fletching
29:09 Hand Cart
Connection lost

Rejoining the realm…

Still unreachable

The connection could not be restored.

Session expired

The server has moved on; the page needs a fresh start.